Map: [ESL] Data-C

Players

Serral

  • Race: Zerg Zerg
  • Spawn Location: 9:00

Solar - Winner!

  • Race: Zerg Zerg
  • Spawn Location: 3:00

Event: TSL 9

VOD

Have the link to the VOD?

Description

Time

  • Played on: July 29, 2022, 6:28 a.m.
  • Length: 7:19

All games in this series

Show
View Real Time Build Order
Export as new Build Order

Serral Zerg 

Build Orders: Hatch First 

Get SALT Encoding   

  12  0:01  Drone  
  13  0:12  Overlord  
  13  0:17  Drone  
  14  0:30  Drone x2  
  16  0:48  Hatchery  
  15  0:51  Drone  
  15  0:55  Drone  
  17  0:58  Drone  
  18  1:10  Extractor  
  17  1:13  Spawning Pool  
  17  1:16  Drone  
  17  1:20  Drone  
  18  1:28  Drone  
  19  1:39  Drone  
  20  1:55  Drone  
  20  2:00  Queen x2  
  20  2:01  Zergling x2, Overlord  
  26  2:10  Drone  
  26  2:11  Drone  
  26  2:13  Metabolic Boost  
  28  2:22  Zergling x2  
  29  2:23  Drone  
  30  2:33  Drone  
  30  2:34  Drone  
  32  2:39  Hatchery  
  32  2:43  Drone  
  32  2:50  Baneling Nest  
  31  2:53  Overlord  
  31  2:57  Drone x2  
  33  3:03  Queen  
  35  3:07  Zergling x2  
  36  3:13  Drone x3  
  36  3:14  Drone  
  36  3:18  Overlord  
  40  3:21  Zergling x2  
  40  3:22  Zergling x2  
  40  3:25  Drone  
  44  3:27  Drone  
  44  3:31  Evolution Chamber  
  44  3:34  Drone  
  44  3:37  Drone  
  45  3:44  Drone x5  
  45  3:45  Drone  
  45  3:47  Drone  
  52  3:51  Extractor  
  52  3:55  Roach Warren  
  50  3:58  Zerg Missile Weapons Level 1  
  50  4:01  Overlord  
  50  4:03  Drone  
  50  4:05  Baneling  
  50  4:06  Zergling x2  
  50  4:07  Drone  
  50  4:09  Drone x2  
  55  4:14  Overlord  
  55  4:15  Drone  
  56  4:23  Baneling  
  56  4:24  Zergling x10  
  59  4:27  Overlord  
  59  4:28  Baneling x2  
  59  4:39  Overlord  
  59  4:41  Roach x5  
  69  4:51  Zergling x8  
  73  4:53  Lair  
  73  4:54  Drone  
  73  4:55  Drone x2  
  73  4:56  Baneling  
  73  4:59  Extractor  
  75  5:01  Drone x4  
  77  5:09  Zergling x4, Drone x2  
  77  5:14  Baneling x2  
  81  5:17  Drone, Extractor  
  81  5:19  Drone x3  
  81  5:20  Overlord  
  84  5:23  Drone x4  
  87  5:29  Drone x2  
  87  5:32  Overlord x2  
  87  5:35  Overlord  
  89  5:37  Overlord  
  89  5:43  Extractor  
  89  5:46  Extractor  
  87  5:51  Glial Reconstitution  
  87  5:52  Roach x4  
  87  5:55  Overseer  
  95  5:59  Overlord  
  95  6:09  Roach  
  95  6:10  Roach x5  
  103  6:13  Spine Crawler  
  103  6:16  Roach x4, Spine Crawler  
  103  6:18  Baneling x6  
  109  6:24  Roach x2  
  113  6:26  Baneling x2  
  109  6:38  Roach x6  
  112  6:41  Roach  
  112  6:42  Roach  
  101  6:47  Roach x3  
  101  6:53  Roach x2  
  92  6:56  Roach  
  92  6:57  Roach  
  92  7:00  Roach  
Show
View Real Time Build Order
Export as new Build Order

Solar Zerg - Winner!

Build Orders: Hatch First 

Get SALT Encoding   

  12  0:00  Drone  
  13  0:12  Overlord  
  13  0:17  Drone  
  14  0:30  Drone  
  14  0:31  Drone  
  16  0:47  Hatchery  
  15  0:51  Drone  
  15  0:54  Drone  
  17  0:58  Drone  
  18  1:09  Extractor  
  17  1:13  Spawning Pool  
  17  1:16  Drone  
  17  1:20  Drone  
  18  1:28  Drone  
  19  1:38  Drone  
  20  1:51  Drone  
  21  1:59  Queen x2  
  21  2:00  Zergling x2  
  26  2:02  Overlord  
  26  2:10  Drone  
  26  2:11  Drone  
  26  2:14  Metabolic Boost  
  28  2:21  Drone x2  
  30  2:34  Hatchery  
  30  2:36  Drone  
  30  2:43  Queen  
  32  2:46  Drone  
  33  2:52  Baneling Nest  
  33  2:55  Overlord  
  33  2:58  Drone  
  33  3:00  Zergling x2  
  33  3:02  Drone  
  33  3:04  Drone  
  36  3:13  Zergling x2  
  36  3:14  Zergling x4  
  36  3:15  Drone x2  
  36  3:18  Drone  
  42  3:22  Overlord  
  42  3:25  Drone  
  42  3:27  Drone  
  44  3:36  Evolution Chamber  
  44  3:38  Drone  
  44  3:41  Drone  
  44  3:42  Drone  
  44  3:43  Drone  
  44  3:45  Drone x2  
  44  3:46  Drone x2  
  50  3:52  Overlord  
  50  3:53  Drone  
  53  3:55  Zergling x4  
  53  4:01  Zerg Ground Armor Level 1  
  53  4:03  Drone  
  53  4:04  Drone  
  55  4:14  Drone x2  
  55  4:15  Roach Warren  
  55  4:16  Drone x2  
  58  4:21  Overlord, Extractor x2  
  56  4:27  Zergling x6, Overlord  
  56  4:29  Overlord  
  59  4:31  Overlord  
  59  4:38  Drone x2  
  60  4:39  Baneling x2  
  60  4:41  Extractor x2  
  58  4:48  Zergling x2, Baneling x2  
  58  4:49  Zergling x4  
  60  4:58  Roach x3  
  66  5:00  Roach x4  
  66  5:06  Roach x2  
  76  5:07  Baneling  
  76  5:10  Roach  
  76  5:13  Roach  
  80  5:15  Overlord  
  80  5:20  Roach x2  
  84  5:22  Zergling x6  
  84  5:26  Roach  
  89  5:30  Roach x2  
  93  5:36  Roach x2  
  93  5:40  Overlord  
  93  5:42  Roach x2  
  101  5:45  Roach  
  101  5:49  Zergling x6  
  105  5:58  Overlord x2  
  105  6:00  Ravager x2  
  105  6:01  Zergling x4  
  105  6:02  Ravager  
  110  6:05  Zergling x6  
  110  6:09  Zergling x4  
  110  6:11  Zergling x2  
  109  6:15  Ravager  
  109  6:17  Zergling x6  
  113  6:20  Zergling x2  
  113  6:21  Zergling x2  
  113  6:24  Zergling x4  
  117  6:30  Zergling x4, Ravager  
  120  6:33  Zergling x6  
  120  6:37  Zergling x4  
  113  6:42  Ravager  
  113  6:43  Zergling x6  
  106  6:48  Zergling x8  
  106  6:52  Ravager  
  106  6:53  Zergling x4  
  108  6:57  Zergling x2  
  97  7:01  Zergling x8  
Tags
 
Add a new tag
Caveats
  • Supply blocks, unpowered buildings, or Contaminate may cause inaccurate times.
  • Supply counts are checked every 10 seconds.